| TOP OF THE 1ST |
|
Bowie Baysox batting - Pitching for Akron RubberDucks : LHP John Roe
|
|
Pitching: LHP John Roe
|
|
|
Batting: RHB Orlando Melchor
|
0-0: Ball 1-0: Ball 2-0: Called Strike 2-1: Swinging Strike 2-2: Ball 3-2: Strikes out swinging, 2-3 out at first.
|
|
Batting: RHB Longfellow Wetzler
|
0-0: Swinging Strike 0-1: Ball 1-1: Bunt missed! 1-2: Ball 2-2: SOLO HOME RUN (Flyball, 7D, EV 96.9 MPH), Distance : 371 ft
|
|
Batting: RHB Dermott Neill
|
0-0: Ball 1-0: Ball 2-0: Called Strike 2-1: Ball 3-1: Fly out, F8 (Flyball, 8RD, EV 83.1 MPH)
|
|
Batting: RHB Andy Chess
|
0-0: Called Strike 0-1: Called Strike 0-2: Strikes out swinging
|
| Top of the 1st over - 1 run, 1 hit, 0 errors, 0 left on base; Bowie 1 - Akron 0 |
| BOTTOM OF THE 1ST |
|
Akron RubberDucks batting - Pitching for Bowie Baysox : RHP Ray Richards
|
|
Pitching: RHP Ray Richards
|
|
|
Batting: LHB Nick Welling
|
0-0: Ball 1-0: Called Strike 1-1: Ball 2-1: Called Strike 2-2: SINGLE (Groundball, 34D, EV 99.4 MPH) (infield hit)
|
|
Batting: LHB Corey Trevor
|
0-0: Fielders Choice at 2nd, 4-6 (Groundball, 4MD, EV 82.5 MPH)
|
|
Batting: RHB Harris Leroux
|
0-0: Ball 1-0: Grounds into double play, 6-4-3 (Groundball, 56, EV 103.8 MPH)
|
| Bottom of the 1st over - 0 runs, 1 hit, 0 errors, 0 left on base; Bowie 1 - Akron 0 |
| TOP OF THE 2ND |
|
Bowie Baysox batting - Pitching for Akron RubberDucks : LHP John Roe
|
|
Batting: SHB Ryan Palermo
|
0-0: Ball 1-0: Ball 2-0: Called Strike 2-1: Foul Ball, location: 2F 2-2: Strikes out swinging
|
|
Batting: RHB R.J. Chapple
|
0-0: Called Strike 0-1: Ball 1-1: Foul Ball, location: 2F 1-2: Ground out 6-3 (Groundball, 6S, EV 71.3 MPH)
|
|
Batting: SHB Justin Toth
|
0-0: Foul Ball, location: 2F 0-1: Called Strike 0-2: Ball 1-2: Foul Ball, location: 2F 1-2: Strikes out swinging
|
| Top of the 2nd over - 0 runs, 0 hits, 0 errors, 0 left on base; Bowie 1 - Akron 0 |
| BOTTOM OF THE 2ND |
|
Akron RubberDucks batting - Pitching for Bowie Baysox : RHP Ray Richards
|
|
Batting: RHB Christian Blue
|
0-0: Called Strike 0-1: Called Strike 0-2: Ball 1-2: Foul Ball, location: 2F 1-2: Ball 2-2: Foul Ball, location: 2F 2-2: Ball 3-2: Foul Ball, location: 2F 3-2: DOUBLE (Line Drive, 89D, EV 105.0 MPH)
|
|
Batting: RHB Hieronim Rutkowski
|
0-0: Foul Ball, location: 2F 0-1: Ball 1-1: Ball 2-1: Ball Wild Pitch! Christian Blue to third 3-1: Base on Balls
|
|
Batting: RHB Matt Thompson
|
0-0: Ball 1-0: Ball 2-0: Ball 3-0: Called Strike 3-1: Foul Ball, location: 2F 3-2: Base on Balls Hieronim Rutkowski to second
|
|
Batting: RHB Mike Plugge
|
0-0: Ball 1-0: Called Strike 1-1: Foul Ball, location: 2F 1-2: Fielders Choice at 2nd, 6-4 (Groundball, 6M, EV 83.8 MPH) Christian Blue scores Hieronim Rutkowski to third
|
|
Batting: LHB John Dietrich
|
0-0: Foul Ball, location: 2F 0-1: Ball 1-1: Called Strike 1-2: Foul Ball, location: 2F 1-2: Fly out, F8 (Flyball, 8LS, EV 93.1 MPH)
|
|
Batting: RHB Michael Meyers
|
0-0: Ball 1-0: Foul Ball, location: 2F 1-1: Swinging Strike 1-2: Ball 2-2: Ball 3-2: Foul Ball, location: 2F 3-2: Foul Ball, location: 2F 3-2: Base on Balls Mike Plugge to second
|
|
Batting: LHB Nick Welling
|
0-0: Foul Ball, location: 2F 0-1: Called Strike 0-2: Ball 1-2: Ball Wild Pitch! Hieronim Rutkowski scores Mike Plugge to third Michael Meyers to second 2-2: Ball 3-2: Foul Ball, location: 2F 3-2: Ground out 4-3 (Groundball, 4M, EV 100.6 MPH)
|
| Bottom of the 2nd over - 2 runs, 1 hit, 0 errors, 2 left on base; Bowie 1 - Akron 2 |
| TOP OF THE 3RD |
|
Bowie Baysox batting - Pitching for Akron RubberDucks : LHP John Roe
|
|
Batting: RHB Danny Merrill
|
0-0: SINGLE (Groundball, 23, EV 73.8 MPH) (infield hit)
|
|
Batting: SHB Eric Tiehen
|
0-0: Ball 1-0: Swinging Strike 1-1: Ball 2-1: Fielders Choice at 2nd, 1-6 (Groundball, 13S, EV 67.5 MPH)
|
|
Batting: RHB Orlando Melchor
|
0-0: Ball 1-0: Ball 2-0: Ball 3-0: Base on Balls Eric Tiehen to second
|
|
Batting: RHB Longfellow Wetzler
|
0-0: Ball 1-0: Called Strike 1-1: DOUBLE (Flyball, 89D, EV 103.1 MPH) Eric Tiehen scores Orlando Melchor to third
|
|
Batting: RHB Dermott Neill
|
0-0: Called Strike 0-1: Foul Ball, location: 2F 0-2: Strikes out swinging
|
|
Batting: RHB Andy Chess
|
0-0: Called Strike 0-1: Ball 1-1: Ball 2-1: Ball 3-1: Fly out, F8 (Line Drive, 8LS, EV 96.9 MPH)
|
| Top of the 3rd over - 1 run, 2 hits, 0 errors, 2 left on base; Bowie 2 - Akron 2 |
| BOTTOM OF THE 3RD |
|
Akron RubberDucks batting - Pitching for Bowie Baysox : RHP Ray Richards
|
|
Batting: LHB Corey Trevor
|
0-0: Ball 1-0: Called Strike 1-1: Swinging Strike 1-2: Ball 2-2: Strikes out looking
|
|
Batting: RHB Harris Leroux
|
0-0: Called Strike 0-1: Ball 1-1: Ball 2-1: Ground out 6-3 (Groundball, 6, EV 83.1 MPH)
|
|
Batting: RHB Christian Blue
|
0-0: Ball 1-0: Called Strike 1-1: Foul Ball, location: 2F 1-2: Ball 2-2: Foul Ball, location: 2F 2-2: Fly out, F9 (Line Drive, 9D, EV 103.1 MPH)
|
| Bottom of the 3rd over - 0 runs, 0 hits, 0 errors, 0 left on base; Bowie 2 - Akron 2 |
| TOP OF THE 4TH |
|
Bowie Baysox batting - Pitching for Akron RubberDucks : LHP John Roe
|
|
Batting: SHB Ryan Palermo
|
0-0: Ball 1-0: Called Strike 1-1: Called Strike 1-2: Ground out 5-3 (Groundball, 56S, EV 89.4 MPH)
|
|
Batting: RHB R.J. Chapple
|
0-0: Ball 1-0: Called Strike 1-1: Fly out, F8 (Flyball, 8RD, EV 87.5 MPH)
|
|
Batting: SHB Justin Toth
|
0-0: Swinging Strike 0-1: Foul Ball, location: 2F 0-2: Ball 1-2: Foul Ball, location: 2F 1-2: Ball 2-2: Ball 3-2: Fly out, F9 (Flyball, 9S, EV 89.4 MPH)
|
| Top of the 4th over - 0 runs, 0 hits, 0 errors, 0 left on base; Bowie 2 - Akron 2 |
| BOTTOM OF THE 4TH |
|
Akron RubberDucks batting - Pitching for Bowie Baysox : RHP Ray Richards
|
|
Batting: RHB Hieronim Rutkowski
|
0-0: Called Strike 0-1: Ball 1-1: Called Strike 1-2: Foul Ball, location: 2F 1-2: Foul Ball, location: 2F 1-2: Ball 2-2: Foul Ball, location: 2F 2-2: Strikes out looking
|
|
Batting: RHB Matt Thompson
|
0-0: Called Strike 0-1: SINGLE (Groundball, 6MD, EV 96.9 MPH)
|
|
Batting: RHB Mike Plugge
|
0-0: Called Strike 0-1: Ball 1-1: Ball 2-1: Swinging Strike 2-2: Strikes out swinging
|
|
Batting: LHB John Dietrich
|
0-0: Ball 1-0: Foul Ball, location: 2F 1-1: Called Strike 1-2: SINGLE (Groundball, 56D, EV 103.8 MPH) Matt Thompson to second
|
|
Batting: RHB Michael Meyers
|
0-0: Ground out 5-3 (Groundball, 5S, EV 86.3 MPH)
|
| Bottom of the 4th over - 0 runs, 2 hits, 0 errors, 2 left on base; Bowie 2 - Akron 2 |
| TOP OF THE 5TH |
|
Bowie Baysox batting - Pitching for Akron RubberDucks : LHP John Roe
|
|
Batting: RHB Danny Merrill
|
0-0: Ball 1-0: Called Strike 1-1: Ball 2-1: DOUBLE (Flyball, 78D, EV 92.5 MPH)
|
|
Batting: SHB Eric Tiehen
|
0-0: Foul Ball, location: 2F 0-1: Ground out 5-3 (Groundball, 5D, EV 100.0 MPH)
|
|
Batting: RHB Orlando Melchor
|
0-0: Called Strike 0-1: Ball 1-1: Ball 2-1: Ground out 4-3 (Groundball, 4, EV 105.0 MPH) Danny Merrill to third
|
|
Batting: RHB Longfellow Wetzler
|
0-0: Ball 1-0: Ground out 6-3 (Groundball, 6, EV 108.1 MPH)
|
| Top of the 5th over - 0 runs, 1 hit, 0 errors, 1 left on base; Bowie 2 - Akron 2 |
| BOTTOM OF THE 5TH |
|
Akron RubberDucks batting - Pitching for Bowie Baysox : RHP Ray Richards
|
|
Batting: LHB Nick Welling
|
0-0: Bunt for hit to 13S - play at first, batter OUT! 1-3
|
|
Batting: LHB Corey Trevor
|
0-0: Swinging Strike 0-1: Ground out 4-3 (Groundball, 4M, EV 81.3 MPH)
|
|
Batting: RHB Harris Leroux
|
0-0: Called Strike 0-1: Foul Ball, location: 2F 0-2: Strikes out swinging
|
| Bottom of the 5th over - 0 runs, 0 hits, 0 errors, 0 left on base; Bowie 2 - Akron 2 |
| TOP OF THE 6TH |
|
Bowie Baysox batting - Pitching for Akron RubberDucks : LHP John Roe
|
|
Batting: RHB Dermott Neill
|
0-0: Fly out, F8 (Flyball, 8RD, EV 99.4 MPH)
|
|
Pitching: LHP Terry LaPlante
|
|
|
Batting: RHB Andy Chess
|
0-0: Ball 1-0: Called Strike 1-1: Foul Ball, location: 2F 1-2: Foul Ball, location: 2F 1-2: Ball 2-2: Strikes out swinging
|
|
Batting: SHB Ryan Palermo
|
0-0: Ball 1-0: Ball 2-0: Called Strike 2-1: Foul Ball, location: 2F 2-2: SINGLE (Line Drive, 8LS, EV 95.6 MPH)
|
|
Batting: RHB R.J. Chapple
|
0-0: Called Strike 0-1: Ball 1-1: Called Strike 1-2: Ball 2-2: Fly out, F8 (Flyball, 8RXD, EV 90.6 MPH)
|
| Top of the 6th over - 0 runs, 1 hit, 0 errors, 1 left on base; Bowie 2 - Akron 2 |
| BOTTOM OF THE 6TH |
|
Akron RubberDucks batting - Pitching for Bowie Baysox : RHP Ray Richards
|
|
Batting: RHB Christian Blue
|
0-0: TRIPLE (Flyball, 89XD, EV 111.3 MPH)
|
|
Batting: RHB Hieronim Rutkowski
|
0-0: Ball 1-0: Swinging Strike 1-1: Ball 2-1: SINGLE (Groundball, 4MD, EV 109.4 MPH) Christian Blue scores
|
|
Pitching: RHP Tony Pantaleon
|
|
|
Batting: RHB Matt Thompson
|
0-0: Called Strike 0-1: Ball Hieronim Rutkowski steals 2nd base 1-1: Foul Ball, location: 2F 1-2: Strikes out swinging
|
|
Batting: RHB Mike Plugge
|
0-0: Swinging Strike 0-1: Foul Ball, location: 2F 0-2: Ball 1-2: Foul Ball, location: 2F 1-2: Ball 2-2: Ball 3-2: SINGLE (Groundball, 34D, EV 96.3 MPH) Hieronim Rutkowski to third Runner from 3rd tries for Home, SAFE, throw by RF to home
|
|
Batting: LHB John Dietrich
|
0-0: Foul Ball, location: 2F 0-1: Swinging Strike 0-2: Ball 1-2: Foul Ball, location: 2F 1-2: Strikes out swinging
|
|
Batting: RHB Michael Meyers
|
0-0: Ball 1-0: Ball 2-0: Ball 3-0: Base on Balls Mike Plugge to second
|
|
Batting: LHB Nick Welling
|
0-0: Ball 1-0: Ball 2-0: Fly out, F6 (Flyball, 56D, EV 87.5 MPH)
|
| Bottom of the 6th over - 2 runs, 3 hits, 0 errors, 2 left on base; Bowie 2 - Akron 4 |
| TOP OF THE 7TH |
|
Bowie Baysox batting - Pitching for Akron RubberDucks : LHP Terry LaPlante
|
|
Batting: SHB Justin Toth
|
0-0: Foul Ball, location: 2F 0-1: Ball 1-1: Foul Ball, location: 2F 1-2: Ball 2-2: Foul Ball, location: 2F 2-2: Strikes out swinging
|
|
Batting: RHB Danny Merrill
|
0-0: Ball 1-0: Ball 2-0: Called Strike 2-1: Ground out 4-3 (Groundball, 4M, EV 87.5 MPH)
|
|
Batting: SHB Eric Tiehen
|
0-0: Swinging Strike 0-1: Ground out 4-3 (Groundball, 34, EV 106.9 MPH)
|
| Top of the 7th over - 0 runs, 0 hits, 0 errors, 0 left on base; Bowie 2 - Akron 4 |
| BOTTOM OF THE 7TH |
|
Akron RubberDucks batting - Pitching for Bowie Baysox : RHP Tony Pantaleon
|
|
Pitching: RHP Shane Kruger
|
|
|
Batting: LHB Corey Trevor
|
0-0: Ground out 5-3 (Groundball, 5, EV 91.3 MPH)
|
|
Batting: RHB Harris Leroux
|
0-0: Ball 1-0: Ball 2-0: Ground out 6-3 (Groundball, 6, EV 106.9 MPH)
|
|
Batting: RHB Christian Blue
|
0-0: Called Strike 0-1: Ball 1-1: Foul Ball, location: 2F 1-2: Strikes out swinging
|
| Bottom of the 7th over - 0 runs, 0 hits, 0 errors, 0 left on base; Bowie 2 - Akron 4 |
| TOP OF THE 8TH |
|
Bowie Baysox batting - Pitching for Akron RubberDucks : LHP Terry LaPlante
|
|
Pitching: RHP Jorge Reyes
|
|
|
Batting: RHB Orlando Melchor
|
0-0: Swinging Strike 0-1: Ball 1-1: Swinging Strike 1-2: Ball 2-2: Strikes out swinging
|
|
Batting: RHB Longfellow Wetzler
|
0-0: Ball 1-0: Ground out 1-3 (Groundball, 13S, EV 72.5 MPH)
|
|
Batting: RHB Dermott Neill
|
0-0: Ball 1-0: Ball 2-0: Fly out, F7 (Flyball, 7, EV 89.4 MPH)
|
| Top of the 8th over - 0 runs, 0 hits, 0 errors, 0 left on base; Bowie 2 - Akron 4 |
| BOTTOM OF THE 8TH |
|
Akron RubberDucks batting - Pitching for Bowie Baysox : RHP Shane Kruger
|
|
Pitching: RHP Paulo Guincho
|
|
|
Batting: RHB Hieronim Rutkowski
|
0-0: Ball 1-0: Foul Ball, location: 2F 1-1: Ball 2-1: Fly out, F7 (Line Drive, 7LS, EV 105.6 MPH)
|
|
Batting: RHB Matt Thompson
|
0-0: Foul Ball, location: 9LSF, Error on foul ball, E9 0-1: Ball 1-1: SINGLE (Line Drive, 9S, EV 111.9 MPH)
|
|
Batting: RHB Mike Plugge
|
0-0: DOUBLE (Groundball, 5L, EV 108.8 MPH) Matt Thompson to third
|
|
Batting: LHB John Dietrich
|
0-0: Intentional Walk
|
|
Batting: RHB Michael Meyers
|
0-0: Ball 1-0: SINGLE (Groundball, 4MD, EV 103.1 MPH) Matt Thompson scores Mike Plugge to third John Dietrich to second
|
|
Batting: LHB Nick Welling
|
0-0: Called Strike 0-1: Ball 1-1: Ball 2-1: Swinging Strike 2-2: Grounds into fielders choice 6-2 (Groundball, 6S, EV 66.9 MPH) John Dietrich to third Michael Meyers to second
|
|
Batting: LHB Corey Trevor
|
0-0: Ball 1-0: Foul Ball, location: 2F 1-1: Ball 2-1: Ball 3-1: Ground out 4-3 (Groundball, 34, EV 84.4 MPH)
|
| Bottom of the 8th over - 1 run, 3 hits, 1 error, 3 left on base; Bowie 2 - Akron 5 |
| TOP OF THE 9TH |
|
Bowie Baysox batting - Pitching for Akron RubberDucks : RHP Jorge Reyes
|
|
Pitching: RHP Corey Rizzuto
|
|
|
Batting: RHB Andy Chess
|
0-0: Called Strike 0-1: Called Strike 0-2: Hit by Pitch
|
|
Batting: SHB Ryan Palermo
|
0-0: Swinging Strike 0-1: Ball 1-1: Foul Ball, location: 2F 1-2: SINGLE (Groundball, 56S, EV 72.5 MPH) (infield hit) Andy Chess to second
|
|
Batting: RHB R.J. Chapple
|
0-0: Ball 1-0: Called Strike 1-1: Foul Ball, location: 2F 1-2: Grounds into double play, 6-4-3 (Groundball, 6S, EV 88.1 MPH) Andy Chess to third
|
|
Batting: SHB Justin Toth
|
0-0: Called Strike 0-1: Ball 1-1: Foul Ball, location: 2F 1-2: Fly out, F7 (Flyball, 7LM, EV 110.0 MPH)
|
| Top of the 9th over - 0 runs, 1 hit, 0 errors, 1 left on base; Bowie 2 - Akron 5 |
|